 Dungeon Crawl Stone Soup version 0.29-a0-90-gc37658a0fe (webtiles) character file.

Game seed: 1336755814319044508

43 lordive the Grasshopper (level 3, 0/35 HPs)
             Began as a Troll Warper on Feb 7, 2022.
             Slain by an orc (3 damage)
             ... on level 3 of the Dungeon.
             The game lasted 00:00:54 (529 turns).

lordive the Grasshopper (Troll Warper)               Turns: 529, Time: 00:00:54

Health: 0/35       AC:  4    Str: 19    XL:     3   Next: 37%
Magic:  4/4        EV: 10    Int: 11    God:
Gold:   41         SH:  0    Dex:  9    Spells: 4/4 levels left

rFire   . . .      SeeInvis .     - Unarmed
rCold   . . .      Faith    .   (no shield)
rNeg    . . .      Spirit   .   a - +0 robe
rPois   .          Reflect  .   (helmet restricted)
rElec   .          Harm     .   (no cloak)
rCorr   .          Rampage  .   (gloves unavailable)
Will    .....                   (boots unavailable)
Stlth   +.........              (no amulet)
HPRegen 0.91/turn               (no ring)
MPRegen 0.09/turn               (no ring)

@: confused
A: large, unfitting armour, claws 3, regeneration 1, shaggy fur 1, tough skin 1
a: no special abilities


You were on level 3 of the Dungeon.
You visited 1 branch of the dungeon, and saw 3 of its levels.

You collected 41 gold pieces.

Inventory:

Missiles
 c - 5 boomerangs of dispersal (quivered)
Armour
 a - a +0 robe (worn)
Scrolls
 b - a scroll of blinking
 d - a scroll of immolation {unknown}
Potions
 e - a potion of degeneration {unknown}


   Skills:
 + Level 1.6 Fighting
 + Level 1.1 Throwing
 + Level 2.1 Dodging
 + Level 0.3 Stealth
 + Level 2.2 Unarmed Combat
 + Level 1.4 Spellcasting
 * Level 2.7 Translocations


You had 4 spell levels left.
You didn't know any spells.
Your spell library contained the following spells:

 Spells                   Type           Power      Damage    Failure   Level
 Blink                    Tloc           12%        N/A       16%         2
 Gell's Gravitas          Tloc           6%         N/A       30%         3
 Lesser Beckoning         Tloc           6%         N/A       30%         3
 Teleport Other           Tloc           6%         N/A       30%         3
 Manifold Assault         Tloc           6%         N/A       96%         5


Dungeon Overview and Level Annotations

Branches:
Dungeon (3/15)

Altars:


Innate Abilities, Weirdness & Mutations

You are too large for most types of armour.
You have claws for hands.
Your natural rate of healing is unusually fast.
You are covered in fur. (AC +1)
You have tough skin. (AC +1)


Message History

The orc hits you but does no damage.
You barely miss the orc. Your claw misses the orc.
The orc is heavily wounded.
The orc wizard closely misses you. The orc hits you with a +0 short sword.
The orc barely misses you.
You closely miss the orc.
The orc is heavily wounded.
The orc barely misses you. x2
The orc wizard casts a spell.
The orc wizard flickers and vanishes!
Deactivating autopickup; reactivate with Ctrl-A.
The orc hits you but does no damage.
Unknown command.
Unknown command.
You barely miss the orc. The orc barely misses you. Something hits you.
The orc hits you with a +0 short sword. The orc hits you with a +0 club.
You barely miss the orc. The orc hits you but does no damage.
The orc hits you with a +0 short sword. The orc hits you but does no damage.
You closely miss the orc. The orc hits you but does no damage.
The orc hits you with a +0 short sword. The orc hits you with a +0 club.
The orc hits you with a +0 short sword. Something hits you.
* * * LOW HITPOINT WARNING * * *
You claw the orc!
You kill the orc!
The orc hits you with a +0 club.
* * * LOW HITPOINT WARNING * * *
The orc hits you with a +0 club.
* * * LOW HITPOINT WARNING * * *
The orc closely misses you.
You hear some strange, mumbled words.
You are confused.
You claw the orc!
You kill the orc!
The orc barely misses you. The orc hits you with a +0 club.
* * * LOW HITPOINT WARNING * * *
Something hits you.
* * * LOW HITPOINT WARNING * * *
Unknown command.
The orc hits you with a +0 club.
You die...

#...##.# #.# ## >##.##.# #.# #..
..# .##)##.# ##+# #.# #..#
#..)...# ##...## #.# #...#
#.###### ##.....## #.###.#.#
#.##.## ##.......## #.#.#...#
#.#...####......o).###.......###
#........+......o..'............
#.#...####......@..#...(...##
#.##.## ##.......##.###.#.##
#..### ##.....###.# ##...## ##.#
##...## #.# #..#..# #.# ##+# #.#
#.###.# #.# #.# #.# #..#..# #.#
#.# #รท# #....## #.# ##.##
#.###.#.## #.# ##...####.......#


You could see 2 orcs.

Vanquished Creatures
  An adder (D:3)
  A worm (D:2)
  6 orcs
  A bat (D:2)
  An endoplasm (D:2)
  4 goblins
  3 kobolds (D:2)
  A quokka (D:3)
  A ball python (D:3)
  2 frilled lizards
  2 rats
23 creatures vanquished.

Notes
Turn   | Place    | Note
-------+----------+-------------------------------------------
     0 | D:1      | lordive the Troll Warper began the quest for the Orb.
     0 | D:1      | Reached XP level 1. HP: 19/19 MP: 1/1
    13 | D:1      | You fall into a shaft and drop 1 floor!
    53 | D:2      | Reached skill level 1 in Throwing
    55 | D:2      | Reached XP level 2. HP: 25/27 MP: 3/3
   279 | D:3      | Reached XP level 3. HP: 21/33 MP: 4/4
   529 | D:3      | Slain by an orc

Illustrated notes

Levels and vault maps discovered:
D:1:      amcnicky_arrival_double_pillar, layout_basic
D:2:      layout_rooms
D:3:      layout_loops_corners, grunt_temple_overflow_open,
          gup_sewer_entry_spiral, st_stairs_7

Skill      XL: |  1  2 |
---------------+-------+-----
Throwing       | 1 |  1.1
Dodging        | 2 |  2.1
Fighting       | |  1.6
Stealth        | |  0.3
Unarmed Combat | |  2.2
Spellcasting   | |  1.4
Translocations | |  2.7

Action                   || total
-------------------------++-------
Melee: Unarmed           ||    73
Armor: Robe              ||    30
Dodge: Dodged            ||    45

Table legend: (Time is in decaauts)
 A = Elapsed time spent in this place.
 B = Non-inter-level travel time spent in this place.
 C = Inter-level travel time spent in this place.
 D = Time resting spent in this place.
 E = Time spent auto-exploring this place.
 F = Levels seen in this place.
 G = Mean time per level.
                   A        B        C        D        E       F      G
               +--------+--------+--------+--------+--------+-----+--------+
         Total |    526 |    513 |     13 |      0 |    384 |   3 |  175.3 |
       Dungeon |    526 |    513 |     13 |      0 |    384 |   3 |  175.3 |
               +--------+--------+--------+--------+--------+-----+--------+

Top non-repeatable levels by time:
     D:3: 388 daAuts
     D:2: 125 daAuts
     D:1: 13 daAuts
